[Event "Team 45 45 League T41"]
[Site "Internet Chess Club"]
[Date "2009.05.31"]
[Round "5"]
[White "fledermaus"]
[Black "BigTweeds"]
[Result "0-1"]
[WhiteElo "1956"]
[BlackElo "2048"]
[Opening "QGD semi-Slav"]
[ECO "D43"]
[Time "15:36:55"]
[TimeControl "2700+45"]

1. d4 d5 2. c4 e6 3. Nc3 c6 4. Nf3 Nf6 5. Bg5 h6 6. Bh4 dxc4 7. e4 g5 8. Bg3 b5
9. Be2 Bb4 10. Qc2 g4 11. Ne5 Qxd4 12. O-O Bxc3 13. bxc3 Qxe4 14. Qd2 Nbd7 15.
Qd6 Qd5 16. Qc7 Qc5 17. Nxc6 Ba6 18. Bd6 Qb6 19. Qxb6 Nxb6 20. Be5 Nbd7 21. Bd4
Bb7 22. Nxa7 e5 23. Be3 Ba6 24. a4 Nd5 25. Nxb5 Bxb5 26. axb5 Ke7 27. Bxc4 Nxc3
28. Rxa8 Rxa8 29. Bxh6 Rc8 30. Bd3 e4 31. Bxe4 Nxe4 32. Re1 f5 33. f3 gxf3 34.
gxf3 Rg8+ 35. Kf1 Rg6 36. Bf4 Nc5 37. fxe4 fxe4 38. Bg3 Kd7 39. Ra1 Rb6 40. Rb1
Na4 41. Rb3 Nc5 42. Bf2 Rf6 43. Ra3 Nd3 44. Rxd3+ exd3 45. Ke1 d2+ {White
resigns} 0-1

[Event "Team 45 45 League T41"]
[Site "Internet Chess Club"]
[Date "2009.06.01"]
[Round "5"]
[White "QueensCounselor"]
[Black "Holzschlange"]
[Result "1-0"]
[WhiteElo "2008"]
[BlackElo "1882"]
[Opening "Ruy Lopez: closed, Chigorin, 12...Nc6"]
[ECO "C98"]
[Time "13:01:16"]
[TimeControl "2700+45"]

1. e4 e5 2. Nf3 Nc6 3. Bb5 a6 4. Ba4 Nf6 5. O-O Be7 6. Re1 b5 7. Bb3 d6 8. c3
O-O 9. h3 Na5 10. Bc2 c5 11. d4 Qc7 12. Nbd2 Nc6 13. d5 Nd8 14. a4 Rb8 15. b4
Ne8 16. bxc5 Qxc5 17. axb5 Qxc3 18. Ra3 Qc7 19. bxa6 f5 20. Bd3 fxe4 21. Nxe4
Ra8 22. Be3 h6 23. Qb3 Bxh3 24. Nxe5 dxe5 25. d6+ Be6 26. dxc7 Bxb3 27. cxd8=Q
Bxd8 28. Rxb3 Nc7 29. Bc4+ Kh7 30. a7 {Black resigns} 1-0

[Event "Team 45 45 League T41"]
[Site "Internet Chess Club"]
[Date "2009.05.29"]
[Round "5"]
[White "Uwak"]
[Black "gyoung"]
[Result "1-0"]
[WhiteElo "2419"]
[BlackElo "2319"]
[Opening "Sicilian: accelerated fianchetto, modern variation with Bc4"]
[ECO "B35"]
[Time "22:00:09"]
[TimeControl "2700+45"]

1. e4 c5 2. Nf3 Nc6 3. d4 cxd4 4. Nxd4 g6 5. Nc3 Bg7 6. Be3 Nf6 7. Bc4 O-O 8. f3
Qb6 9. a3 Qc5 10. Ba2 Ng4 11. fxg4 Bxd4 12. Bxd4 Nxd4 13. Qd2 d6 14. O-O-O Nc6
15. h3 Be6 16. Nd5 Rfe8 17. b4 Qb5 18. Nc7 Qa4 19. Nxe6 Qxa3+ 20. Kb1 fxe6 21.
Bxe6+ Kg7 22. b5 Ne5 23. h4 Qc5 24. h5 Qxb5+ 25. Bb3 Nxg4 26. Qf4 Nf6 27. hxg6
h5 28. Rd5 Qe2 29. Rdxh5 Nxh5 30. Qf7+ Kh6 31. Qh7+ Kg5 32. Bc4 Rh8 33. Bxe2
Rxh7 34. gxh7 Nf4 35. h8=Q Rxh8 36. Rxh8 Nxe2 37. e5 dxe5 38. Re8 Kf6 39. Ra8 e4
40. Rxa7 b5 41. Kb2 Nf4 42. g3 Nd5 43. Kc1 e6 44. Rb7 b4 45. Kd2 Kf5 46. Ke2
Nc3+ 47. Ke3 Nd5+ 48. Kf2 Kg5 49. Rb8 Kf5 50. Rf8+ Kg5 51. Rg8+ Kf6 52. g4 Kf7
53. Rc8 Kf6 54. Kg3 Ke5 55. Rc4 e3 56. Kf3 Kd6 57. Re4 Ke7 58. Rxe3 {Black
resigns} 1-0

[Event "Team 45 45 League T41"]
[Site "Internet Chess Club"]
[Date "2009.06.01"]
[Round "5"]
[White "Zkid"]
[Black "mcplayerus"]
[Result "1-0"]
[WhiteElo "2250"]
[BlackElo "2063"]
[Opening "Sicilian: Kan, 5.Nc3"]
[ECO "B43"]
[Time "23:18:13"]
[TimeControl "2700+45"]

1. e4 c5 2. Nf3 e6 3. d4 cxd4 4. Nxd4 a6 5. Nc3 Qc7 6. Be2 Nc6 7. O-O Nf6 8. Be3
Bb4 9. Na4 Be7 10. Nxc6 bxc6 11. Nb6 Rb8 12. Nxc8 Qxc8 13. Bd4 c5 14. Be5 Rb4
15. f3 O-O 16. Qd3 d5 17. exd5 exd5 18. Qxa6 d4 19. Qxc8 Rxc8 20. b3 Nd5 21. Bd3
Rb6 22. a4 Ne3 23. Rfe1 Re6 24. Bf4 Bf6 25. a5 Ra8 26. a6 c4 27. Bxc4 Nxc4 28.
Rxe6 fxe6 29. bxc4 d3 30. Ra2 Bd4+ 31. Kf1 e5 32. Bd2 dxc2 33. Ke2 Kf7 34. Kd3
Ke6 35. Kxc2 Kd6 36. Kd3 Kc5 37. Bc3 Bxc3 38. Kxc3 Ra7 39. Kd3 Kb4 40. h4 Kc5
41. Ra4 Kd6 42. Ke4 Ke6 43. c5 h5 44. Rb4 {Black resigns} 1-0

[Event "Team 45 45 League T41"]
[Site "Internet Chess Club"]
[Date "2009.06.01"]
[Round "5"]
[White "Boromir"]
[Black "f5"]
[Result "0-1"]
[WhiteElo "1980"]
[BlackElo "2159"]
[Opening "Sicilian: Nimzovich-Rossolimo attack (with ...g6, without ...d6)"]
[ECO "B31"]
[Time "15:02:25"]
[TimeControl "2700+45"]

1. e4 c5 2. Nf3 Nc6 3. Bb5 g6 4. Bxc6 dxc6 5. O-O Bg7 6. d3 Nf6 7. Nc3 Bg4 8. h3
Bxf3 9. Qxf3 Nd7 10. Bd2 Nf8 11. Qd1 e5 12. b3 Ne6 13. Ne2 Qd7 14. Bc3 O-O-O 15.
f4 exf4 16. Bxg7 Nxg7 17. Rxf4 f5 18. exf5 Nxf5 19. Qd2 Rhe8 20. Nc3 Re7 21. Re1
Rde8 22. Rxe7 Rxe7 23. Re4 Rxe4 24. Nxe4 Qd4+ 25. Qf2 b6 26. g4 Ne3 27. Kh2 Kb7
28. a4 Ka6 29. Kh1 h6 30. Qe2 Nd5 31. c3 Nxc3 32. Qc2 Nd5 33. Qd2 g5 34. Nd6 Nf4
35. Nf5 Qxd3 36. Qxd3+ Nxd3 37. Nxh6 Ne5 {White resigns} 0-1

[Event "Team 45 45 League T41"]
[Site "Internet Chess Club"]
[Date "2009.06.01"]
[Round "5"]
[White "chiiwen"]
[Black "Frodo"]
[Result "1-0"]
[WhiteElo "2056"]
[BlackElo "1771"]
[Opening "French: Tarrasch, closed variation, main line"]
[ECO "C05"]
[Time "21:01:59"]
[TimeControl "2700+45"]

1. e4 e6 2. d4 d5 3. Nd2 Nf6 4. e5 Nfd7 5. Bd3 c5 6. c3 cxd4 7. cxd4 Nc6 8. Ne2
Be7 9. O-O O-O 10. Nf3 f6 11. exf6 Nxf6 12. Ng3 Bd6 13. Re1 Bd7 14. a3 a5 15. b3
Qb6 16. Bb2 Rae8 17. Bc2 Qc7 18. Rc1 Qb8 19. Ne5 Re7 20. h3 Kh8 21. Nh5 Bxe5 22.
dxe5 Nxh5 23. Qxh5 g5 24. Qxg5 Rg7 25. Qe3 Qe8 26. Kh2 Qf7 27. Rf1 Ne7 28. Bd4
Nf5 29. Bxf5 Qxf5 30. f4 Bb5 31. Rf2 Bd3 32. Rc3 Be4 33. g4 Qg6 34. f5 Bxf5 35.
Qg3 Rfg8 36. gxf5 Qxg3+ 37. Rxg3 Rxg3 38. f6 Rxb3 39. Bc5 Rc3 40. Bd6 Rcc8 41.
f7 Rgf8 42. Rf6 Kg7 43. Bxf8+ Kxf8 44. Rxe6 Rd8 45. Rb6 Kxf7 46. Rxb7+ Ke6 47.
Rxh7 Kxe5 48. Kg2 Rf8 49. Ra7 d4 50. Rxa5+ Ke4 51. Ra7 Ke3 52. Re7+ Kd2 53. Rd7
d3 54. a4 Ke1 55. Rxd3 {Black resigns} 1-0

[Event "Team 45 45 League T41"]
[Site "Internet Chess Club"]
[Date "2009.05.30"]
[Round "5"]
[White "Folgers"]
[Black "easycure"]
[Result "0-1"]
[WhiteElo "2075"]
[BlackElo "2401"]
[Opening "Queen's pawn: Torre attack"]
[ECO "A40"]
[Time "10:07:01"]
[TimeControl "2700+45"]

1. d4 e6 2. Nf3 Nf6 3. Bg5 h6 4. Bxf6 Qxf6 5. e4 d5 6. e5 Qd8 7. c4 dxc4 8. Bxc4
Be7 9. O-O O-O 10. Nc3 Nd7 11. d5 Nb6 12. Bb3 exd5 13. Nxd5 Nxd5 14. Bxd5 c6 15.
Bb3 Qb6 16. Qe2 c5 17. Nd2 Re8 18. Qh5 Be6 19. Bxe6 Qxe6 20. b3 Rad8 21. Rad1 b5
22. f4 Rd4 23. Qe2 Red8 24. Nf3 Rxf4 25. Rxd8+ Bxd8 26. Qxb5 Bb6 27. Kh1 c4 28.
bxc4 Qxc4 29. Qxc4 Rxc4 30. h3 Rc2 31. Ra1 Kf8 32. a4 Ke7 33. Kh2 Ke6 34. a5 Bf2
35. Rd1 Ra2 36. Rd6+ Ke7 37. Rd5 g5 38. Kh1 Bg3 39. Rd1 a6 40. Nd4 Bxe5 41. Nf5+
Ke6 42. Nxh6 Rxa5 43. Ng4 Ra1 44. Rxa1 Bxa1 45. Kg1 f5 46. Nh2 Bc3 47. Kf1 a5
48. Ke2 a4 49. Kd3 Be5 50. Nf3 a3 {White resigns} 0-1

[Event "Team 45 45 League T41"]
[Site "Internet Chess Club"]
[Date "2009.05.31"]
[Round "5"]
[White "Ser-Enigma"]
[Black "charles-allen"]
[Result "1-0"]
[WhiteElo "2149"]
[BlackElo "1851"]
[Opening "Petrov: Nimzovich attack"]
[ECO "C42"]
[Time "13:01:33"]
[TimeControl "2700+45"]

1. e4 e5 2. Nf3 Nf6 3. Nxe5 d6 4. Nf3 Nxe4 5. Nc3 Nxc3 6. dxc3 Be7 7. Bf4 Nd7 8.
Qd2 Nc5 9. O-O-O Bg4 10. Be2 Qd7 11. h3 Bf5 12. Nd4 Be6 13. Rhe1 O-O-O 14. Nxe6
Nxe6 15. Be3 Kb8 16. c4 Qa4 17. Kb1 Rhe8 18. b3 Qa3 19. c3 Bf6 20. Qc2 Bg5 21.
Bg4 Bxe3 22. Rxe3 g6 23. Rde1 Ng7 24. Rxe8 Rxe8 25. Rxe8+ Nxe8 26. Qe4 Nf6 27.
Qe7 {Black resigns} 1-0

[Event "Team 45 45 League T41"]
[Site "Internet Chess Club"]
[Date "2009.05.30"]
[Round "5"]
[White "poni"]
[Black "jorobo"]
[Result "1/2-1/2"]
[WhiteElo "2055"]
[BlackElo "2174"]
[Opening "QGD: Lasker defense"]
[ECO "D56"]
[Time "12:00:28"]
[TimeControl "2700+45"]

1. Nf3 d5 2. d4 Nf6 3. c4 e6 4. Nc3 Be7 5. Bg5 O-O 6. e3 h6 7. Bh4 Ne4 8. Bxe7
Qxe7 9. Rc1 Nxc3 10. Rxc3 c6 11. Bd3 Nd7 12. cxd5 exd5 13. O-O Re8 14. Qb1 Nf6
15. b4 Ne4 16. Bxe4 dxe4 17. Nd2 Be6 18. b5 cxb5 19. Qxb5 Bxa2 20. Rfc1 b6 21.
Rc7 Qe6 {Game drawn by mutual agreement} 1/2-1/2

[Event "Team 45 45 League T41"]
[Site "Internet Chess Club"]
[Date "2009.05.31"]
[Round "5"]
[White "SCUGrad"]
[Black "parrot9"]
[Result "0-1"]
[WhiteElo "1396"]
[BlackElo "1761"]
[Opening "Sicilian: Grand Prix attack"]
[ECO "B23"]
[Time "07:04:13"]
[TimeControl "2700+45"]

1. e4 c5 2. Nc3 Nc6 3. f4 e6 4. Nf3 d5 5. Bb5 Ne7 6. exd5 exd5 7. d3 a6 8. Bxc6+
Nxc6 9. O-O Be7 10. Qe1 O-O 11. Ne5 Nd4 12. Qf2 Bh4 13. Qd2 Bf6 14. b3 Re8 15.
Nf3 Bg4 16. Nxd4 Bxd4+ 17. Kh1 Qh4 18. Bb2 Be3 19. Qe1 Qh5 20. Qg3 Bd4 21. Rae1
b5 22. Nd1 Bxb2 23. Nxb2 h6 24. c3 d4 25. cxd4 cxd4 26. Qf2 Be2 27. Rg1 Re3 28.
Nd1 Bxd1 29. Rxd1 Qe2 30. Qxe2 Rxe2 31. Rge1 Rae8 32. Rxe2 Rxe2 33. Kg1 Rxa2 34.
Rc1 Rd2 35. Rc6 Rxd3 36. Rxa6 Rxb3 37. Rd6 d3 38. Kf2 Rb2+ 39. Ke3 Rxg2 40. Kxd3
Rxh2 41. Rb6 Rb2 42. Kc3 Rb1 43. Kc2 Rb4 44. Kc3 Rxf4 45. Rxb5 f5 46. Kd3 Kf7
47. Ke3 Re4+ 48. Kf3 Kf6 49. Rb6+ Re6 50. Rb4 g5 51. Rb8 Kg6 52. Rg8+ Kh5 53.
Rf8 f4 54. Rf5 Kg6 {White resigns} 0-1

[Event "Team 45 45 League T41"]
[Site "Internet Chess Club"]
[Date "2009.05.31"]
[Round "5"]
[White "ElmerHo"]
[Black "Esslinger"]
[Result "1-0"]
[WhiteElo "1524"]
[BlackElo "1380"]
[Opening "Robatsch (modern) defense"]
[ECO "B06"]
[Time "18:10:55"]
[TimeControl "2700+45"]

1. e4 g6 2. d4 Bg7 3. Nc3 d6 4. Be3 Nf6 5. Qd2 O-O 6. O-O-O Nc6 7. f3 e5 8. d5
Ne7 9. g4 a6 10. g5 Nh5 11. Nge2 b5 12. Ng3 Nxg3 13. hxg3 b4 14. Qh2 h5 15. gxh6
Bf6 16. Ne2 Kh7 17. g4 a5 18. g5 Bh8 19. f4 c5 20. fxe5 dxe5 21. Bxc5 Qc7 22.
Be3 Bg4 23. d6 Qc6 24. dxe7 Rfc8 25. Rd2 Qxe4 26. Bg2 Qxe3 27. Bxa8 e4 28. Qg1
Bxb2+ 29. Kxb2 Qa3+ 30. Kb1 Be6 31. Bd5 Bxd5 32. Rxd5 Rxc2 33. Kxc2 Qxa2+ 34.
Kc1 Qa1+ 35. Kd2 {Black resigns} 1-0

[Event "Team 45 45 League T41"]
[Site "Internet Chess Club"]
[Date "2009.05.30"]
[Round "5"]
[White "conron"]
[Black "allanchs"]
[Result "0-1"]
[WhiteElo "1351"]
[BlackElo "1530"]
[Opening "Ruy Lopez: closed"]
[ECO "C90"]
[Time "12:00:08"]
[TimeControl "2700+45"]

1. e4 e5 2. Nf3 Nc6 3. Bb5 a6 4. Ba4 Nf6 5. O-O Be7 6. Re1 b5 7. Bb3 d6 8. h3
Na5 9. c3 Nxb3 10. axb3 c5 11. d4 Qc7 12. Bg5 O-O 13. b4 cxd4 14. cxd4 exd4 15.
Qxd4 Bb7 16. Nc3 Rfe8 17. Nd5 Nxd5 18. exd5 Bxg5 19. Nxg5 h6 20. Nf3 Rac8 21.
Rxe8+ Rxe8 22. Qf4 Bxd5 23. Rxa6 Bxf3 24. gxf3 Re6 25. Qf5 Qc1+ 26. Kh2 Rg6 27.
Ra8+ Kh7 28. Qxg6+ Kxg6 29. Rb8 Qxb2 30. Rxb5 Qxf2+ 31. Kh1 Qf1+ 32. Kh2 Qxb5
{White resigns} 0-1

[Event "Team 45 45 League T41"]
[Site "Internet Chess Club"]
[Date "2009.05.30"]
[Round "5"]
[White "Invicta-Knight"]
[Black "Kingangyal"]
[Result "1-0"]
[WhiteElo "1588"]
[BlackElo "1408"]
[Opening "Pirc: classical system, 5.Be2"]
[ECO "B08"]
[Time "11:07:37"]
[TimeControl "2700+45"]

1. e4 d6 2. d4 Nf6 3. Nc3 g6 4. Nf3 Bg7 5. Be2 O-O 6. O-O Bg4 7. h3 Bxf3 8. Bxf3
Nc6 9. Bg5 Nd7 10. Ne2 Qe8 11. Qd2 e5 12. c3 Nf6 13. d5 Ne7 14. c4 Qd7 15. Rac1
c6 16. b4 cxd5 17. cxd5 Nc8 18. Rc2 b5 19. Rfc1 Nb6 20. Rc7 Qe8 21. Nc3 Nc4 22.
Qe2 a6 23. a4 Qb8 24. Rc6 Rc8 25. axb5 axb5 26. Rxc8+ Qxc8 27. Nxb5 Qb7 28. Rxc4
Ra1+ 29. Kh2 h6 30. Rc7 Qb6 31. Bxf6 Bxf6 32. Rd7 Kg7 33. Nxd6 Qxb4 34. Rxf7+
Kg8 35. Rxf6 g5 36. Qc2 Qe1 37. Qc8+ Kg7 38. Qf8+ Kh7 39. Qe7+ Kg8 40. Rf8#
{Black checkmated} 1-0

[Event "Team 45 45 League T41"]
[Site "Internet Chess Club"]
[Date "2009.05.31"]
[Round "5"]
[White "fishhead"]
[Black "Beancounter"]
[Result "1-0"]
[WhiteElo "1869"]
[BlackElo "1664"]
[Opening "Ruy Lopez: Worrall attack, sharp line"]
[ECO "C86"]
[Time "14:00:12"]
[TimeControl "2700+45"]

1. e4 e5 2. Nf3 Nc6 3. Bb5 a6 4. Ba4 Nf6 5. O-O Be7 6. Qe2 b5 7. Bb3 O-O 8. c3
d6 9. h3 Na5 10. Bc2 c5 11. d4 Nd7 12. Rd1 Qc7 13. d5 Bf6 14. Nbd2 g6 15. Nf1
Bg7 16. g4 Nf6 17. N3h2 Nc4 18. Ng3 Bd7 19. b3 Nb6 20. Kg2 h6 21. Be3 Nh7 22.
Qd2 g5 23. Nh5 Bh8 24. Nf1 f6 25. Nfg3 Rf7 26. Rh1 Nf8 27. Nf5 Bxf5 28. gxf5 Rh7
29. Rag1 Qf7 30. Bd1 Bg7 31. Kf1 Nfd7 32. Be2 c4 33. b4 a5 34. a3 axb4 35. axb4
Ra1+ 36. Kg2 Rxg1+ 37. Rxg1 Kf8 38. Ra1 Na4 39. Nxg7 Rxg7 40. Bxc4 Qh5 41. Bxb5
g4 42. Bxh6 gxh3+ 43. Kh2 Qg4 44. Bxg7+ {Black resigns} 1-0

[Event "Team 45 45 League T41"]
[Site "Internet Chess Club"]
[Date "2009.05.29"]
[Round "5"]
[White "rayngrant"]
[Black "isolani"]
[Result "1-0"]
[WhiteElo "1574"]
[BlackElo "1491"]
[Opening "Pirc: Ufimtsev-Pytel variation"]
[ECO "B07"]
[Time "21:02:20"]
[TimeControl "2700+45"]

1. e4 d6 2. d4 Nf6 3. Nc3 c6 4. f4 Qa5 5. Bd2 Qb6 6. Nf3 Bg4 7. Bc1 e6 8. Be2
Be7 9. O-O O-O 10. Kh1 Nbd7 11. e5 Nd5 12. Nxd5 cxd5 13. c3 Bxf3 14. Bxf3 dxe5
15. fxe5 Rac8 16. Qe1 Qd8 17. Qg3 Bh4 18. Qg4 Re8 19. Bh6 g6 20. g3 f5 21. Qxh4
Qxh4 22. gxh4 Nb6 23. h5 Nc4 24. hxg6 hxg6 25. Be2 Nb6 26. Bb5 Re7 27. Rg1 Kh7
28. Bg5 Rf7 29. Rg3 a6 30. Rh3+ Kg8 31. Bd3 Na4 32. Rh6 Kg7 33. Rb1 b5 34. Rh3
Nb6 35. Bf6+ Rxf6 36. exf6+ Kxf6 37. Rg1 Na4 38. Rg2 Rc7 39. Rh6 Rg7 40. h4 e5
41. dxe5+ {Black resigns} 1-0

[Event "Team 45 45 League T41"]
[Site "Internet Chess Club"]
[Date "2009.05.30"]
[Round "5"]
[White "TheronUAL"]
[Black "Kingofknights"]
[Result "0-1"]
[WhiteElo "1476"]
[BlackElo "1696"]
[Opening "Caro-Kann defense"]
[ECO "B11"]
[Time "14:00:11"]
[TimeControl "2700+45"]

1. e4 c6 2. Nc3 d5 3. exd5 cxd5 4. d4 Nc6 5. Nf3 a6 6. Be2 Bf5 7. a3 h6 8. Bf4
e6 9. O-O Nf6 10. Bd3 Bxd3 11. Qxd3 Bd6 12. Ne5 Qc7 13. Rfe1 Nh5 14. Bg3 Nxg3
15. Qxg3 O-O 16. Qe3 Bxe5 17. dxe5 d4 18. Qg3 dxc3 19. Qxc3 Rfd8 20. Re3 Rd5 21.
f4 Rad8 22. Rae1 Qb6 23. Kh1 Rc5 24. Qb3 Rb5 25. Qc4 Qxe3 26. Qf1 Qd2 27. f5
Rxe5 28. fxe6 Rxe1 29. exf7+ Kf8 {White resigns} 0-1

[Event "Team 45 45 League T41"]
[Site "Internet Chess Club"]
[Date "2009.05.30"]
[Round "5"]
[White "Chess2Play"]
[Black "Pillsbury57"]
[Result "1-0"]
[WhiteElo "1675"]
[BlackElo "1552"]
[Opening "QGD: symmetrical (Austrian) defense"]
[ECO "D06"]
[Time "19:00:11"]
[TimeControl "2700+45"]

1. d4 d5 2. c4 c5 3. cxd5 Qxd5 4. Nc3 Qxd4 5. Qxd4 cxd4 6. Nb5 Na6 7. Nf3 d3 8.
exd3 Bd7 9. d4 e6 10. Ne5 Bc6 11. a3 f6 12. Nxc6 bxc6 13. Nd6+ Bxd6 14. Bxa6 Ne7
15. O-O Rb8 16. Re1 Kd7 17. Bc4 Nd5 18. b4 g5 19. Bd2 Rhe8 20. Rac1 Rb6 21. Bd3
a6 22. Bxh7 Rh8 23. Be4 Bxh2+ 24. Kf1 Bd6 25. Bxd5 Rh1+ 26. Ke2 Rxe1+ 27. Bxe1
cxd5 28. Bd2 e5 29. dxe5 Bxe5 30. Rc2 Kd6 31. Kd3 g4 32. Be3 Rc6 33. Bc5+ Kd7
34. a4 Bd6 35. Bxd6 Rxc2 36. Kxc2 Kxd6 37. Kd3 Kc6 38. Kd4 Kd6 39. f4 gxf3 40.
gxf3 Kc6 41. f4 Kd6 42. f5 Kc7 43. Kxd5 Kd7 44. b5 a5 45. b6 Kc8 46. Ke6 Kb7 47.
Kxf6 Kxb6 48. Ke6 Kc5 49. f6 Kb4 50. f7 Kxa4 51. f8=Q Kb3 52. Qb8+ Ka3 53. Qg3+
Ka2 54. Qf2+ Kb3 55. Qe1 a4 56. Qa1 a3 57. Kd5 a2 58. Kd4 Kc2 59. Qxa2+ {Black
resigns} 1-0

[Event "Team 45 45 League T41"]
[Site "Internet Chess Club"]
[Date "2009.05.28"]
[Round "5"]
[White "achessfool"]
[Black "sdcohle"]
[Result "1-0"]
[WhiteElo "1433"]
[BlackElo "1309"]
[Opening "Ruy Lopez: Classical defense deferred"]
[ECO "C70"]
[Time "23:00:52"]
[TimeControl "2700+45"]

1. e4 e5 2. Nf3 Nc6 3. Bb5 a6 4. Ba4 Bc5 5. O-O d6 6. Nc3 Bd7 7. Nd5 Nf6 8. Re1
O-O 9. d3 Nxd5 10. exd5 Ne7 11. Bb3 b5 12. d4 exd4 13. Nxd4 Nf5 14. Nxf5 Bxf5
15. Qf3 Bg6 16. a4 bxa4 17. Bxa4 a5 18. c4 Qb8 19. Bc6 Ra7 20. Re2 f6 21. Be3
Be8 22. Bxc5 dxc5 23. Bxe8 Rxe8 24. Rae1 Rxe2 25. Qxe2 Rb7 26. Rb1 Qf8 27. Qe6+
Kh8 28. Qc6 Qc8 29. Qxc5 Qa8 30. Qc6 Qb8 31. Re1 h6 32. Re8+ Qxe8 33. Qxe8+ Kh7
34. Qe2 a4 35. g3 Kg6 36. Qc2+ Kg5 37. Qxa4 Rxb2 38. Qd1 Kg6 39. Qg4+ Kh7 40.
Qd7 Rd2 41. Qxc7 Rd4 42. Qc5 Rd2 43. d6 Rd3 44. Qf5+ {Black resigns} 1-0

[Event "Team 45 45 League T41"]
[Site "Internet Chess Club"]
[Date "2009.05.30"]
[Round "5"]
[White "Toalla"]
[Black "BishopMike"]
[Result "0-1"]
[WhiteElo "1252"]
[BlackElo "1464"]
[Opening "Sicilian defense"]
[ECO "B30"]
[Time "10:12:02"]
[TimeControl "2700+45"]

1. e4 c5 2. Nf3 Nc6 3. c3 d6 4. Bb5 Bd7 5. d4 a6 6. Bxc6 Bxc6 7. Nbd2 Nf6 8. Qc2
g6 9. O-O Rc8 10. Re1 Bg7 11. d5 Bd7 12. Rb1 O-O 13. h3 b5 14. Qd1 Re8 15. Qe2
e6 16. c4 bxc4 17. Qxc4 Bb5 18. Qb3 exd5 19. exd5 Rxe1+ 20. Nxe1 c4 21. Qf3 Qe7
22. Nc2 Qe5 23. Ne3 Re8 24. Ndxc4 Bxc4 25. Nxc4 Qe1+ 26. Kh2 Ne4 27. Nxd6 Nxd6
28. Qd3 Be5+ 29. g3 Qxf2+ 30. Kh1 Bxg3 {White resigns} 0-1

[Event "Team 45 45 League T41"]
[Site "Internet Chess Club"]
[Date "2009.05.30"]
[Round "5"]
[White "mongmong"]
[Black "TerryMalloy"]
[Result "0-1"]
[WhiteElo "1617"]
[BlackElo "1987"]
[Opening "Queen's pawn game"]
[ECO "D04"]
[Time "18:09:40"]
[TimeControl "2700+45"]

1. d4 Nf6 2. Nf3 d5 3. e3 g6 4. Bd3 Bg7 5. Nbd2 Nbd7 6. O-O O-O 7. c3 c5 8. b4
e5 9. dxe5 Ng4 10. bxc5 Nxc5 11. Qc2 Nxd3 12. Qxd3 Bf5 13. Qb5 Nxe5 14. Nxe5
Bxe5 15. Bb2 a6 16. Qb3 Qc7 17. Nf3 Bg7 18. Nd4 Be6 19. Rab1 b5 20. a4 bxa4 21.
Qxa4 Rfb8 22. Qc6 Qxc6 23. Nxc6 Rb6 24. Ne7+ Kh8 25. Ba1 Rab8 26. Rbd1 Rb3 27.
Nxd5 Rc8 28. h3 a5 29. c4 a4 30. Bxg7+ Kxg7 31. Ra1 Rxc4 32. Nf4 Kf6 33. Ne2 a3
34. Nd4 Rd3 35. Nb5 Ra4 36. Rfd1 Rxd1+ 37. Rxd1 a2 38. Ra1 Rb4 39. Nc3 Rb2 40.
Kh2 Ke7 41. Kg3 Rb3 42. Rxa2 Rxc3 43. Ra7+ Kf6 44. Ra4 Rc4 45. Ra3 h5 46. h4
Rg4+ {White resigns} 0-1

[Event "Team 45 45 League T41"]
[Site "Internet Chess Club"]
[Date "2009.05.29"]
[Round "5"]
[White "Ernie1"]
[Black "raimundo"]
[Result "1/2-1/2"]
[WhiteElo "1620"]
[BlackElo "1785"]
[Opening "Torre attack (Tartakower variation)"]
[ECO "D03"]
[Time "22:24:18"]
[TimeControl "2700+45"]

1. d4 d5 2. Nf3 Nf6 3. Bg5 c5 4. Bxf6 gxf6 5. dxc5 e6 6. b4 b6 7. cxb6 Bxb4+ 8.
c3 Bc5 9. Qa4+ Nd7 10. Qc6 Qxb6 11. Qxb6 Nxb6 12. e3 Ke7 13. Nbd2 Bb7 14. Nb3
Rac8 15. a4 Bd6 16. Kd2 Nc4+ 17. Bxc4 Rxc4 18. Na5 Rc7 19. Nxb7 Rxb7 20. Rhb1
Rhb8 21. Rxb7+ Rxb7 22. Kc2 Rc7 23. Rb1 e5 24. Nd2 d4 25. Rb3 dxe3 26. fxe3 f5
27. h3 e4 28. g4 f4 29. Nxe4 fxe3 30. Nxd6 Kxd6 31. Kd3 Re7 32. Rb2 Kd5 33. Re2
Re4 34. Rxe3 Rxa4 35. Re7 h5 36. g5 Rh4 37. Rxf7 Rxh3+ 38. Kc2 Kc4 39. Rc7+ Kd5
40. Rxa7 Rg3 41. g6 Rxg6 42. Ra5+ Kc4 43. Rxh5 Rg2+ {Game drawn by mutual
agreement} 1/2-1/2

[Event "Team 45 45 League T41"]
[Site "Internet Chess Club"]
[Date "2009.06.01"]
[Round "5"]
[White "Andressa"]
[Black "MikeA"]
[Result "1-0"]
[WhiteElo "1549"]
[BlackElo "1385"]
[Opening "Sicilian: Pelikan, Chelyabinsk variation"]
[ECO "B23"]
[Time "19:00:34"]
[TimeControl "2700+45"]

1. e4 c5 2. Nc3 Nc6 3. Nf3 Nf6 4. d4 cxd4 5. Nxd4 e5 6. Ndb5 d6 7. Bg5 a6 8. Na3
b5 9. Nd5 Be7 10. Bxf6 Bxf6 11. c4 bxc4 12. Nxc4 Rb8 13. Nxf6+ Qxf6 14. Qxd6
Qxd6 15. Nxd6+ Ke7 16. Nxc8+ Rhxc8 17. Bxa6 Rd8 18. O-O Rxb2 19. Rfb1 Rdd2 20.
Rxb2 Rxb2 21. a3 Nd4 22. Rc1 Ne2+ 23. Bxe2 Rxe2 24. f3 Ra2 25. Rc3 Kf6 26. h3
Kg6 27. g3 h5 28. h4 f5 29. Rc6+ Kf7 30. exf5 Rxa3 31. Kf2 Ra2+ 32. Ke3 Rg2 33.
Rg6 Rg1 34. Rg5 Kf6 35. Kf2 Ra1 36. Rxh5 Ra2+ 37. Kg1 Ra3 38. Kg2 Ra2+ 39. Kh3
g6 40. fxg6 Kxg6 41. Rxe5 {Black resigns} 1-0

[Event "Team 45 45 League T41"]
[Site "Internet Chess Club"]
[Date "2009.05.28"]
[Round "5"]
[White "slipkid"]
[Black "smsxman"]
[Result "0-1"]
[WhiteElo "1446"]
[BlackElo "1470"]
[Opening "Scotch gambit: Benima defense"]
[ECO "C44"]
[Time "15:04:05"]
[TimeControl "2700+45"]

1. e4 e5 2. Nf3 Nc6 3. d4 exd4 4. Bc4 Be7 5. c3 d6 6. cxd4 Nf6 7. Nc3 O-O 8. h3
Bd7 9. Qc2 h6 10. Nd5 Nxd5 11. Bxd5 Nb4 12. Qb3 Nxd5 13. Qxd5 c6 14. Qb3 b6 15.
O-O Be6 16. Qc2 Qe8 17. Bd2 Bf6 18. e5 dxe5 19. dxe5 Be7 20. Rfd1 Bd5 21. Nd4
Bc5 22. Qc3 Qxe5 23. Nxc6 Qxc3 24. Bxc3 Bxc6 25. Rac1 a5 26. Be5 Rac8 27. a3
Rfe8 28. Bf4 Re2 29. Bg3 Rxb2 {White resigns} 0-1

[Event "Team 45 45 League T41"]
[Site "Internet Chess Club"]
[Date "2009.05.30"]
[Round "5"]
[White "MRX"]
[Black "MRuperez"]
[Result "1-0"]
[WhiteElo "1766"]
[BlackElo "2225"]
[Opening "Sicilian: Richter-Rauzer, Rauzer attack, 7...a6 defense, 9...Be7"]
[ECO "B68"]
[Time "13:07:33"]
[TimeControl "2700+45"]

1. e4 c5 2. Nf3 d6 3. d4 cxd4 4. Nxd4 Nf6 5. Nc3 Nc6 6. Bg5 e6 7. Qd2 Be7 8.
O-O-O a6 9. f4 Bd7 10. Be2 Rc8 11. Bf3 Nxd4 12. Qxd4 Bc6 13. Rhe1 O-O 14. e5
dxe5 15. Qxd8 Rfxd8 16. Bxc6 bxc6 17. fxe5 Nd5 18. Bxe7 Nxe7 19. Rxd8+ Rxd8 20.
Re4 Nd5 21. Nxd5 exd5 22. Ra4 Ra8 23. Kd2 Kf8 24. Kc3 Ke7 25. Kd4 Ke6 26. Ra5
Kd7 27. b4 Kc7 28. Kc5 Kb7 29. a4 Rc8 30. Kd6 Kb6 31. Rc5 Kb7 32. b5 axb5 33.
axb5 cxb5 34. Rxc8 Kxc8 35. Ke7 {Black resigns} 1-0

[Event "Team 45 45 League T41"]
[Site "Internet Chess Club"]
[Date "2009.05.31"]
[Round "5"]
[White "Morovon23"]
[Black "NFK"]
[Result "1-0"]
[WhiteElo "2193"]
[BlackElo "1715"]
[Opening "Budapest: Rubinstein variation"]
[ECO "A52"]
[Time "14:00:10"]
[TimeControl "2700+45"]

1. d4 Nf6 2. c4 e5 3. dxe5 Ng4 4. Bf4 Bc5 5. e3 d6 6. exd6 cxd6 7. Be2 Nf6 8.
Nc3 Nc6 9. a3 Be6 10. b4 Bb6 11. Qxd6 Qxd6 12. Bxd6 a6 13. c5 Bd8 14. Nf3 Be7
15. O-O O-O 16. Bxe7 Nxe7 17. Nd4 Bg4 18. Bxg4 Nxg4 19. Ne4 Rac8 20. h3 Ne5 21.
Nd6 Rc7 22. Rad1 Ra8 23. Rd2 N7c6 24. Rfd1 Nxd4 25. exd4 Ng6 26. Re1 Kf8 27. g3
Rd8 28. f4 Rcd7 29. Kf2 b6 30. Rde2 Re7 31. d5 Rdd7 32. c6 Rxd6 33. c7 Rxe2+ 34.
Rxe2 Ne7 35. Rxe7 {Black resigns} 1-0